AoeStats
← SlowBoy

Arabia

504569212Analyzed
1v1 RM · 26d ago on Sep 5, 2026· 36m 11s· 2 players
Game mode
Random Map
Map size
Tiny (2 player)
Population
200
Speed
Normal
Resources
Standard
Victory
Conquest
Starting age
Dark Age
Ending age
Imperial Age
RankedLock teamsTeams togetherTeam positionsShared explorationLock speedFull tech treeHidden civsTurbo modeCheats
Victory
Defeat
🇧🇷 Wei · Brazil
1671
+16
🇪🇸 Mongols · Spain
1669
-16
j_r-91
5:42 Loom
8:07 Feudal Age
8:54 Double-Bit Axe
10:32 Wheelbarrow
15:57 Fletching
22:03 Castle Age
20:33 Padded Archer Armor
20:54 Gold Mining
22:50 Bodkin Arrow
24:00 Bloodlines
25:18 Leather Archer Armor
26:26 Bow Saw
26:27 Husbandry
28:12 Ballistics
28:59 Town Watch
29:54 Gold Shaft Mining
30:40 Horse Collar
32:07 Thumb Ring
SlowBoy
7:19 Loom
10:13 Feudal Age
10:41 Double-Bit Axe
11:07 Horse Collar
16:19 Fletching
20:50 Castle Age
19:07 Gold Mining
19:46 Padded Archer Armor
21:31 Bodkin Arrow
21:47 Bow Saw
22:08 Bloodlines
23:20 Wheelbarrow
23:01 Town Watch
23:58 Husbandry
25:17 Leather Archer Armor
25:26 Heavy Plow
28:10 Ballistics
33:52 Imperial Age
31:56 Stone Mining
31:55 Elite Skirmisher
34:28 Stone Shaft Mining
34:35 Bracer
35:38 Chemistry
Connection lost

Rejoining the realm…

Still unreachable

The connection could not be restored.

Session expired

The server has moved on; the page needs a fresh start.